 Dungeon Crawl Stone Soup version 0.28-a0-577-gb193047a1f (webtiles) character file.

Game seed: 17526593150593482864

3805 KoroneIsBestGirl the Protected (level 10, -6/82 HPs)
             Began as a Barachi Fighter on Oct 2, 2021.
             Was an Initiate of Gozag.
             Mangled by a hornet (10 damage)
             ... on level 9 of the Dungeon.
             The game lasted 00:10:47 (9917 turns).

KoroneIsBestGirl the Protected (Barachi Fighter)    Turns: 9917, Time: 00:10:48

Health: -6/82      AC:  7    Str: 18    XL:     10   Next: 17%
Magic:  10/10      EV: 12    Int:  9    God:    Gozag
Gold:   425        SH:  6    Dex: 16    Spells: 9/9 levels left

rFire   . . .      SeeInvis .   A - +6 rapier "Itumef" {vorpal, Fly Dex+2}
rCold   . . .      Faith    .   c - +0 buckler
rNeg    . . .      Spirit   .   b - +0 scale mail
rPois   .          Reflect  .   (no helmet)
rElec   .          Harm     .   (no cloak)
rCorr   .          Rampage  .   i - +0 pair of gloves
Will    .....                   p - +0 pair of boots
Stlth   ..........              (no amulet)
HPRegen 0.23/turn               (no ring)
MPRegen 0.12/turn               (no ring)

@: mighty, corroded, gold aura, flying, slowed, very slow
A: amphibious, slowness 1, strong legs 1, +LOS
a: Hop, Renounce Religion, Potion Petition, Call Merchant, Bribe Branch


You were on level 9 of the Dungeon.
You worshipped Gozag.
Gozag was aware of your devotion.
You visited 2 branches of the dungeon, and saw 10 of its levels.

You collected 568 gold pieces.
You paid 143 gold pieces to Gozag.

Inventory:

Hand Weapons
 a - a +0 long sword
 v - the +11 spear of Valiance {vamp, rF+ Dex-2 Stlth+}
   (You found it on level 4 of the Dungeon)

   It occasionally heals its wielder for a portion of the damage dealt when it
   wounds a living foe.
   Dex:       It affects your dexterity (-2).
   rF:        It protects you from fire.
   Stlth:     It makes you more stealthy.
 A - the +6 rapier "Itumef" (weapon) {vorpal, Fly Dex+2}
   (You found it on level 7 of the Dungeon)

   It inflicts extra damage upon your enemies.
   Dex:       It affects your dexterity (+2).
   Fly:       It grants you flight.
Armour
 b - a +0 scale mail (worn)
 c - a +0 buckler (worn)
 i - a +0 pair of gloves (worn)
 p - a +0 pair of boots (worn)
Jewellery
 y - an amulet of faith
 C - a ring of ice
Wands
 m - a wand of acid (7)
 D - a wand of mindburst (5)
Scrolls
 e - a scroll of magic mapping {unknown}
 f - a scroll of enchant armour {unknown}
 h - a scroll of silence {unknown}
 j - 5 scrolls of identify {unknown}
 k - 3 scrolls of enchant weapon {unknown}
 l - a scroll of immolation {unknown}
 o - 2 scrolls of teleportation {unknown}
 q - a scroll of fear {unknown}
 s - 3 scrolls of summoning {unknown}
 u - a scroll of holy word {unknown}
 w - a scroll of acquirement {unknown}
 x - a scroll of noise {unknown}
Potions
 d - 2 potions of might
 n - 4 potions of curing {unknown}
 r - 2 potions of haste {unknown}
 t - 2 potions of cancellation {unknown}
 z - a potion of berserk rage {unknown}
 B - a potion of attraction {unknown}


   Skills:
 + Level 8.9 Fighting
 + Level 8.5 Long Blades
 + Level 9.0 Armour
 + Level 4.8 Dodging
 + Level 8.1 Shields


You had 9 spell levels left.
You didn't know any spells.
Your spell library contained the following spells:

 Spells                   Type           Power      Damage    Failure   Level
 Sandblast                Erth           0%         2d4       71%         1
 Passwall                 Tmut/Erth      0%         N/A       85%         2
 Dazzling Flash           Conj/Hex       0%         N/A       97%         3
 Inner Flame              Hex/Fire       0%         N/A       97%         3
 Portal Projectile        Hex/Tloc       0%         N/A       97%         3
 Stone Arrow              Conj/Erth      0%         3d7       97%         3
 Cause Fear               Hex            0%         N/A       100%        4
 Agony                    Necr           0%         N/A       100%        5
 Blade Hands              Tmut           0%         N/A       100%        5
 Excruciating Wounds      Necr           0%         N/A       100%        5
 Silence                  Hex/Air        0%         N/A       100%        5
 Discord                  Hex            0%         N/A       100%        8


Dungeon Overview and Level Annotations

Branches:
Dungeon (9/15)             Temple (1/1) D:7
   Lair: D:8-11         Orc: D:9-12

Altars:
Ashenzari
Dithmenos
Elyvilon
Fedhas
Gozag
Hepliaklqana
Kikubaaqudgha
Nemelex Xobeh
Okawaru
Qazlal
Ru
Uskayaw
Vehumet
Xom
Yredelemnul
Zin
The Shining One


Innate Abilities, Weirdness & Mutations

You are amphibious.
You cover ground slowly.
You can hop short distances.
You have an extended range of vision and can be seen from far away.


Message History

You puncture the hornet!
The hornet is moderately wounded.
You feel very sick. The hornet barely misses you.
The hornet stings you but does no damage.
You hit the hornet but do no damage.
The hornet is moderately wounded.
You feel yourself speed up.
You feel sick. The hornet barely misses you. The hornet closely misses you.
The hornet stings you!
* * * LOW HITPOINT WARNING * * *
You feel yourself slow down.
You feel much better.
You feel yourself speed up.
You feel sick. The hornet closely misses you. The hornet stings you.
You feel yourself slow down.
You hit the hornet but do no damage.
The hornet is lightly wounded.
You feel yourself speed up.
You feel sick. The hornet closely misses you. The hornet stings you!
* * * LOW HITPOINT WARNING * * *
You suddenly lose the ability to move!
You can move again.
You completely miss the hornet.
The hornet is lightly wounded.
You feel sick.
You are no longer poisoned.
The hornet stings you!
* * * LOW HITPOINT WARNING * * *
You feel yourself slow down. The hornet closely misses you.
You feel very mighty all of a sudden. You block the hornet's attack.
The hornet barely misses you.
You closely miss the hornet.
The hornet is lightly wounded.
You feel yourself speed up. The hornet stings you!
* * * LOW HITPOINT WARNING * * *
You feel yourself slow down. The hornet stings you!
You die...
Your body crumbles into a pile of gold.

.$.................
...................
.......>...........
...................
...............[...
...................
...................
...(....y..........
.......$@.<........
...................
#+#################
$


You could see a hornet.

Vanquished Creatures
  Pikel (D:7)
  Joseph (D:7)
  4 fire bats (D:8)
  A water moccasin (D:5)
  A hell hound (D:8)
  An acid dragon (D:9)
  An orc warrior (D:6)
  A black bear (D:6)
  2 centaurs (D:6)
  A necrophage (D:7)
  3 ogres
  A phantom (D:5)
  An elf zombie (D:6)
  A gnoll sergeant (D:8)
  2 bullfrogs (D:8)
  A wyvern zombie (D:8)
  A killer bee (D:6)
  2 lava snakes (D:8)
  A bullfrog zombie (D:7)
  4 hounds
  A centaur zombie (D:8)
  2 jellies
  An orc priest (D:4)
  A gnoll shaman (D:7)
  3 bullfrog skeletons
  3 human skeletons (D:6)
  4 orc wizards
  4 iguanas
  A hound skeleton (D:4)
  14 gnolls
  7 adders
  A white imp (D:7)
  2 ufetubi (D:6)
  An adder skeleton (D:4)
  A worm (D:5)
  3 dart slugs (D:1)
  12 orcs
  6 ball pythons
  7 endoplasms
  2 giant cockroaches
  4 goblins
  6 hobgoblins
  12 jackals
  2 quokkas
  4 bats
  2 frilled lizards (D:1)
  4 kobolds
  An orc skeleton (D:6)
  An orc zombie (D:6)
  4 rats
147 creatures vanquished.

Vanquished Creatures (others)
  3 fire vortices (D:8)
3 creatures vanquished.

Grand Total: 150 creatures vanquished

Notes
Turn   | Place    | Note
-------+----------+-------------------------------------------
     0 | D:1      | KoroneIsBestGirl the Barachi Fighter began the quest for
                  | the Orb.
     0 | D:1      | Reached XP level 1. HP: 18/18 MP: 1/1
   163 | D:1      | Reached XP level 2. HP: 16/25 MP: 2/2
   299 | D:1      | Reached skill level 4 in Armour
   308 | D:1      | Reached XP level 3. HP: 28/30 MP: 3/3
   881 | D:2      | Found a faded altar of an unknown god.
  1596 | D:3      | Reached XP level 4. HP: 27/37 MP: 4/4
  2627 | D:4      | Reached XP level 5. HP: 38/43 MP: 5/5
  2823 | D:5      | Entered Level 5 of the Dungeon
  3542 | D:4      | Reached skill level 5 in Fighting
  3542 | D:4      | Reached skill level 5 in Armour
  3542 | D:4      | Reached XP level 6. HP: 46/51 MP: 6/6
  3593 | D:4      | Identified the +11 spear of Valiance {vamp, rF+ Dex-2
                  | Stlth+}
  3607 | D:4      | Found a white marble altar of Elyvilon.
  3893 | D:4      | Identified the +10 hunting sling of Light {vorpal, *Corrode
                  | rElec Str+4 Int+2}
  3942 | D:5      | Noticed a water moccasin
  3952 | D:5      | Killed a water moccasin
  4313 | D:5      | Found a shimmering altar of Xom.
  4354 | D:5      | Reached skill level 5 in Shields
  4360 | D:5      | Reached XP level 7. HP: 52/56 MP: 7/7
  4401 | D:5      | Found a sacrificial altar of Ru.
  4410 | D:5      | Reached skill level 5 in Long Blades
  4588 | D:5      | Reached skill level 6 in Armour
  4766 | D:6      | Reached XP level 8. HP: 25/65 MP: 8/8
  5525 | D:6      | Reached skill level 7 in Armour
  5532 | D:6      | Reached skill level 1 in Dodging
  6358 | D:6      | Reached XP level 9. HP: 63/72 MP: 9/9
  6786 | D:7      | Found a staircase to the Ecumenical Temple.
  6786 | D:7      | Noticed Joseph
  6806 | D:7      | Killed Joseph
  6818 | D:7      | Identified the +6 rapier "Itumef" {vorpal, Fly Dex+2}
  6818 | D:7      | Found a stormy altar of Qazlal.
  7379 | D:8      | Reached skill level 8 in Armour
  7683 | D:7      | Noticed Pikel
  7691 | Temple   | Entered the Ecumenical Temple
  7698 | Temple   | Became a worshipper of Gozag Ym Sagoz the Greedy
  9290 | D:7      | Found a hide-covered altar of Uskayaw.
  9293 | D:7      | Found a glowing silver altar of Zin.
  9294 | D:7      | Found a basalt altar of Yredelemnul.
  9306 | D:7      | Found a hazy altar of Hepliaklqana.
  9310 | D:7      | Found a shadowy altar of Dithmenos.
  9373 | D:7      | Reached XP level 10. HP: 64/82 MP: 10/10
  9479 | D:7      | Killed Pikel
  9911 | D:9      | Reached skill level 9 in Armour
  9914 | D:9      | Paralysed by a hornet for 1 turns
  9917 | D:9      | HP: 4/82 [hornet (11)]
  9917 | D:9      | Mangled by a hornet

Illustrated notes

Levels and vault maps discovered:
D:1:      amcnicky_arrival_flooded_fountain, layout_loops_ring
D:2:      layout_basic, shapermc_ecumenical_altar_starsandcircs,
          kennysheep_big_empty_room, st_stairs_4
D:3:      layout_rooms
D:4:      cheibrodos_old_hovel, layout_cave_pools, mainiacjoe_overflow_24_doors
D:5:      layout_basic, xom_teletrap_fun, nicolae_ru_great_annihilating_truth,
          feat_on_display
D:6:      minmay_diamond_boxcup, layout_layer_cave,
          nicolae_ossuary_entry_catacombs, grunt_decor_cap
D:7:      layout_basic, nicolae_qazlal_general_emergency,
          minmay_overflow_temple_star_hex, minmay_temple_entry_from_below_b,
          uniq_joseph, uniq_pikel, uniq_crazy_yiuf_cottage
D:8:      layout_gridville, chequers_hall_statues_corner_a, nicolae_sextant,
          hangedman_incinerator
D:9:      layout_grid_maze, serial_shops, shop
Temple:   cyrus_circular_temple

Skill      XL: |  1  2  3  4  5  6  7  8  9 10 |
---------------+-------------------------------+-----
Fighting       | 4 5 6 7 8 |  8.9
Armour         | 4 5 6 7 8 9 |  9.0
Long Blades    | 3 4 5 6 8 |  8.5
Shields        | 4 5 6 7 8 |  8.1
Dodging        | 2 4 |  4.8

Action                   |  1- 3 |  4- 6 |  7- 9 | 10-12 || total
-------------------------+-------+-------+-------+-------++-------
Melee: Long sword        |    89 |   134 |       |       ||   223
       Spear             |       |    31 |   158 |       ||   189
       Rapier            |       |       |   113 |    17 ||   130
 Abil: Hop               |       |     1 |     2 |       ||     3
  Use: Potion            |       |       |     4 |     2 ||     6
Armor: Scale mail        |    45 |   117 |   109 |     7 ||   278
Dodge: Dodged            |    56 |    82 |   140 |    17 ||   295
Block: Buckler           |    29 |    35 |    84 |     5 ||   153

Table legend: (Time is in decaauts)
 A = Elapsed time spent in this place.
 B = Non-inter-level travel time spent in this place.
 C = Inter-level travel time spent in this place.
 D = Time resting spent in this place.
 E = Time spent auto-exploring this place.
 F = Levels seen in this place.
 G = Mean time per level.
                   A        B        C        D        E       F      G
               +--------+--------+--------+--------+--------+-----+--------+
         Total |  11019 |  10473 |    546 |   1180 |   7942 |  10 | 1101.9 |
       Dungeon |  11001 |  10469 |    532 |   1180 |   7942 |   9 | 1222.3 |
        Temple |     17 |      3 |     14 |      0 |      0 |   1 |   17.0 |
               +--------+--------+--------+--------+--------+-----+--------+

Top non-repeatable levels by time:
     D:6: 2235 daAuts
     D:8: 1855 daAuts
     D:7: 1710 daAuts
     D:5: 1499 daAuts
     D:4: 1147 daAuts
     D:1: 1019 daAuts
     D:2: 788 daAuts
     D:3: 732 daAuts
  Temple: 17 daAuts
     D:9: 15 daAuts
